 Dungeon Crawl Stone Soup version 0.31-a0-216-g22e908daa7 (webtiles) character file.

Game seed: 3203130047721652955

157 qw the Shooter (level 5, -3/30 HPs)
             Began as a Gargoyle Hexslinger on July 2, 2023.
             Was an Initiate of Okawaru.
             Slain by a gnoll
             ... wielding a +4 spear of venom
             ... led by a gnoll bouda
              (4 damage)
             ... on level 4 of the Dungeon.
             The game lasted 00:01:08 (2313 turns).

qw the Shooter (Gargoyle Hexslinger)                Turns: 2313, Time: 00:01:09

Health: -3/30      AC: 11    Str: 12    XL:     5   Next: 38%
Magic:  6/6        EV: 12    Int: 13    God:    Okawaru [......]
Gold:   205        SH:  0    Dex: 14    Spells: 5/6 levels left

rFire   . . .        Y - +3 sling
rCold   + . .        (no shield)
rNeg    + . .        d - +1 robe {Will+}
rPois   inf          n - +0 helmet
rElec   +            (no cloak)
rCorr   .            j - +2 pair of gloves
SInv    .            (no boots)
Will    +....        (no amulet)
Stlth   +            m - ring of protection from cold
HPRegen 0.25/turn    (no ring)
MPRegen 0.10/turn

%: no passive effects
@: no status effects
A: sickness immunity, AC +4, negative energy resistance 1, electricity
resistance, torment resistance 1, petrification resistance
a: Renounce Religion


You were on level 4 of the Dungeon.
You worshipped Okawaru.
Okawaru was noncommittal.
You visited 1 branch of the dungeon, and saw 4 of its levels.

You collected 205 gold pieces.


Innate Abilities, Weirdness & Mutations

You are immune to sickness and miasma.
Your stone body is resilient. (AC +4)
You are immune to poison.
You resist negative energy. (rN+)
You are resistant to electric shocks. (rElec)
You are resistant to unholy torment.
You are immune to petrification.


   Skills:
 + Level 2.0 Fighting
 - Level 5.0 Ranged Weapons
 - Level 1.0 Armour
 - Level 1.5 Dodging
 - Level 1.0 Spellcasting
 - Level 2.6 Hexes


You had 5 spell levels left.
You knew the following spells:

 Your Spells              Type           Power      Damage    Failure   Level
a - Slow                  Hex            28%        N/A       10%         1

Your spell library contained the following spells:

 Spells                   Type           Power      Damage    Failure   Level
 Inner Flame              Hex/Fire       4%         N/A       43%         3
 Portal Projectile        Hex/Tloc       8%         N/A       43%         3
 Cause Fear               Hex            3%         N/A       67%         4

Inventory:

Hand Weapons
 Y - a +3 sling (weapon)
Armour
 d - a +1 robe of willpower (worn)
 f - a +0 ring mail
 j - a +2 pair of gloves (worn)
 n - a +0 helmet (worn)
Jewellery
 m - a ring of protection from cold (left hand)
Scrolls
 a - 2 scrolls of teleportation
 k - a scroll of identify
Potions
 b - a potion of berserk rage {unknown}
 c - a potion of heal wounds {unknown}
 g - 2 potions of curing
 i - a potion of might

Dungeon Overview and Level Annotations

Branches:
Dungeon (4/15)
 Temple: D:4-7

Altars:
Ashenzari
Okawaru


Message History

Okawaru accepts your kill.
A gnoll comes into view. It is wielding a +4 spear of venom.
The gnoll completely misses you.
You shoot a sling bullet. The sling bullet hits the gnoll.
The gnoll is heavily wounded.
The gnoll hits you but does no damage.
You shoot a sling bullet. The sling bullet hits the gnoll!
You kill the gnoll!
Okawaru accepts your kill.
Your Ranged Weapons skill increases to level 5!
You shoot a sling bullet. The sling bullet hits the gnoll.
The gnoll is moderately wounded.
The gnoll hits you from afar with a +4 spear of venom.
You shoot a sling bullet.
The sling bullet barely misses the gnoll. x2
The gnoll hits you but does no damage.
You shoot a sling bullet.
The sling bullet barely misses the gnoll.
The sling bullet hits the gnoll.
The gnoll is heavily wounded.
Your attacks no longer feel as feeble.
The gnoll hits you from afar with a +4 spear of venom. x2
You shoot a sling bullet. The sling bullet hits the gnoll.
The gnoll is lightly wounded.
The gnoll hits you with a +0 whip.
The gnoll hits you from afar with a +4 spear of venom.
You shoot a sling bullet.
The sling bullet closely misses the gnoll.
The gnoll misses you. The gnoll barely misses you.
You shoot a sling bullet. The sling bullet hits the gnoll.
The gnoll is severely wounded.
The gnoll hits you with a +0 whip. The gnoll closely misses you.
The gnoll hits you but does no damage.
You shoot a sling bullet.
The sling bullet hits the gnoll but does no damage.
The gnoll is severely wounded.
The gnoll is no longer moving quickly.
The gnoll hits you but does no damage. The gnoll hits you with a +0 club!
The gnoll hits you from afar with a +4 spear of venom.
You die...

############
#.....#....#
#.....'....#
#.....#@g..#
#.....#)g.########
##..###.g.##.....##.
######...##............
.....................
............>....... .
..##....##....###..# #
. ###..##....###..###
#..#.....+.......


You could see 3 gnolls.

Vanquished Creatures
  A gnoll bouda (D:4)
  Robin (D:3)
  A gnoll (D:4)
  3 adders
  2 worms
  2 dart slugs
  5 endoplasms
  4 giant cockroaches
  8 goblins
  10 hobgoblins
  5 jackals
  2 quokkas
  4 ball pythons
  8 bats
  2 frilled lizards (D:1)
  7 kobolds
  5 rats
70 creatures vanquished.

Notes
Turn   | Place    | Note
-------+----------+-------------------------------------------
     0 | D:1      | qw the Gargoyle Hexslinger began the quest for the Orb.
     0 | D:1      | Reached XP level 1. HP: 12/12 MP: 2/2
     0 | D:1      | 0 ||| qw: Version: 0.3-a-40-ge99b1a8
     0 | D:1      | 0 ||| qw: Game counter: 7920
     0 | D:1      | 0 ||| qw: Melee chars always use a shield: true
     0 | D:1      | 0 ||| qw: God list: Okawaru
     0 | D:1      | 0 ||| qw: Allow faded altars: false
     0 | D:1      | 0 ||| qw: Do Orc after clearing Dungeon:15 true
     0 | D:1      | 0 ||| qw: Do second Lair branch before Depths: true
     0 | D:1      | 0 ||| qw: Lair rune preference: random
     0 | D:1      | 0 ||| qw: Goals: Normal
     0 | D:1      | 0 ||| PLANNING D:1-11
    45 | D:1      | Reached XP level 2. HP: 16/16 MP: 3/3
   168 | D:1      | Reached skill level 3 in Ranged Weapons
   238 | D:1      | Reached XP level 3. HP: 21/21 MP: 4/4
   602 | D:1      | 602 ||| UPGRADING to +0 ring mail.
   612 | D:1      | 612 ||| DROPPING +0 robe.
   613 | D:1      | 613 ||| UPGRADING to +2 pair of gloves.
   618 | D:1      | 618 ||| READING 2 scrolls labelled SOUQ APSYLOIRRAPP.
   623 | D:1      | 623 ||| READING scroll labelled FITUHO TIOLIO.
   624 | D:1      | 624 ||| READING scroll labelled CUDIWU YROERCH.
   625 | D:1      | 625 ||| READING scroll labelled WUPSYJ GORIWOR.
   726 | D:1      | 726 ||| READING scroll labelled FALYAPO JAMMENG.
   727 | D:1      | 727 ||| READING scroll labelled TARUEM ZILORHU.
   728 | D:1      | 728 ||| DROPPING scroll of poison.
   821 | D:2      | Reached skill level 1 in Armour
   883 | D:2      | Reached XP level 4. HP: 26/26 MP: 5/5
   940 | D:2      | Found an iron altar of Okawaru.
   941 | D:2      | 941 ||| PLANNING OKAWARU WORSHIP
   941 | D:2      | 941 ||| READING scroll labelled AHOTOA ICUASOIL.
   942 | D:2      | 942 ||| READING scroll labelled IGUALI ERCHE WUDIP.
   943 | D:2      | 943 ||| READING scroll labelled FINEOSS YWUBA.
   953 | D:2      | Became a worshipper of Warmaster Okawaru
   954 | D:2      | 954 ||| PLANNING D:1-11
  1111 | D:2      | 1111 ||| UPGRADING to +1 robe of willpower.
  1381 | D:3      | Reached skill level 4 in Ranged Weapons
  1386 | D:3      | HP: 6/26 [worm (3)]
  1387 | D:3      | 1387 ||| READING 4 scrolls of teleportation.
  1603 | D:3      | Noticed Robin
  1614 | D:3      | Killed Robin
  1616 | D:3      | HP: 6/26 [hobgoblin[Robin] (2)]
  1617 | D:3      | 1617 ||| READING 3 scrolls of teleportation.
  1619 | D:3      | HP: 2/26 [hobgoblin[Robin] (3)]
  2059 | D:3      | Reached XP level 5. HP: 30/30 MP: 6/6
  2070 | D:3      | 2070 ||| UPGRADING to +0 helmet.
  2075 | D:3      | 2075 ||| UPGRADING to ring of protection from cold.
  2076 | D:3      | 2076 ||| READING scroll labelled PYFOHE PYITH.
  2077 | D:3      | 2077 ||| READING scroll labelled QAH GURYJUSSURGH.
  2078 | D:3      | 2078 ||| READING scroll labelled XENUP IBBESTO.
  2079 | D:3      | 2079 ||| DRINKING 2 metallic clear potions.
  2162 | D:4      | 2162 ||| READING scroll of enchant weapon.
  2162 | D:4      | 2162 ||| ENCHANTING +2 sling.
  2163 | D:4      | Identified the +1 plate armour of Zoym {rN++}
  2240 | D:4      | Found a broken altar of Ashenzari.
  2247 | D:4      | 2247 ||| DRINKING 3 sedimented purple potions.
  2307 | D:4      | Reached skill level 5 in Ranged Weapons
  2313 | D:4      | HP: 1/30 [gnoll/+0 club[a gnoll bouda] (7)]
  2313 | D:4      | Slain by a gnoll

Levels and vault maps discovered:
D:1:      shiori_arrival_maze, layout_basic, minmay_liquid_box
D:2:      layout_rooms, basic_altar
D:3:      layout_basic, uniq_robin
D:4:      layout_gridville, amcnicky_altar_gilded, minmay_temple_entry_slanted,
          minmay_goblin_kobold_house, uniq_crazy_yiuf_cottage

Skill      XL: |  1  2  3  4  5 |
---------------+----------------+-----
Ranged Weapons | 3 4 5 |  5.0
Fighting       | 2 |  2.0
Armour         | 1 |  1.0
Dodging        | |  1.5
Spellcasting   | |  1.0
Hexes          | |  2.6

Action                     |  1- 3 |  4- 6 || total
---------------------------+-------+-------++-------
   Fire: Sling             |   127 |   132 ||   259
    Use: Scroll            |     6 |     9 ||    15
         Potion            |       |     2 ||     2
 Armour: Robe              |     9 |    44 ||    53
         Ring mail         |    17 |    18 ||    35
  Dodge: Dodged            |    34 |    79 ||   113

Table legend:
 A = Non-vault XP
 B = Vault XP
 C = Vault XP percentage of total XP
 D = Non-vault monster count
 E = Vault monster count
 F = Vault count percentage of total count
                 A         B        C        D         E       F
            +---------+---------+-------+---------+---------+-------
      Total |     197 |      28 |  12.4 |      62 |       8 |  11.4
            +---------+---------+-------+---------+---------+-------
        D:1 |      42 |       4 |   8.7 |      25 |       2 |   7.4
        D:2 |      57 |       0 |   0.0 |      20 |       0 |   0.0
        D:3 |      39 |      24 |  38.1 |      13 |       6 |  31.6
        D:4 |      59 |       0 |   0.0 |       4 |       0 |   0.0
            +---------+---------+-------+---------+---------+-------
